 Dungeon Crawl Stone Soup version 0.30-a0-967-g9b59a09336 (webtiles) character file.

Game seed: 11794894461405605205

1750 112233 the Reanimator (level 8, 0/78 HPs)
             Began as a Demonspawn Necromancer on Mar 31, 2023.
             Succumbed to a killer bee's poison
             ... on level 8 of the Dungeon.
             The game lasted 00:07:02 (6636 turns).

112233 the Reanimator (Demonspawn Necromancer)      Turns: 6636, Time: 00:07:02

Health: 0/78       AC: 24    Str: 10    XL:     8   Next: 78%
Magic:  11/19      EV:  2    Int: 18    God:
Gold:   292        SH:  0    Dex: 13    Spells: 15/21 levels left

rFire   . . .      SeeInvis .    w - +2 war axe (freeze)
rCold   . . .      Faith    .    (no shield)
rNeg    . . .      Spirit   .    a - melded +0 robe
rPois   +          Reflect  .    b - melded +0 helmet
rElec   .          Rampage  .    (cloak currently unavailable)
rCorr   .          NoTele   +    (gloves currently unavailable)
Will    .....                    (boots currently unavailable)
Stlth   ++                       (no amulet)
HPRegen 0.33/turn                (no ring)
MPRegen 0.16/turn                (no ring)

@: brilliant, lethally poisoned (0 -> -2), tree-form
A: stationary, stasis, torment immunity, boosted hp, (claws 1), demonic guardian
2, (sturdy frame 2)
a: no special abilities


You were on level 8 of the Dungeon.
You were a tree.
You visited 1 branch of the dungeon, and saw 8 of its levels.

You collected 292 gold pieces.

Inventory:

Hand Weapons
 r - a +1 dagger of venom
 u - a +1 dagger of flaming
 w - a +2 war axe of freezing (weapon)
Missiles
 j - 2 throwing nets
Armour
 a - a +0 robe (melded)
 b - a +0 helmet (melded)
 m - a +0 cloak
Jewellery
 c - an amulet of faith
 h - a ring of protection from fire
Wands
 o - a wand of roots (3)
Scrolls
 d - 5 scrolls of identify {unknown}
 g - 3 scrolls of teleportation {unknown}
 i - 2 scrolls of magic mapping {unknown}
 l - a scroll of enchant weapon {unknown}
 n - a scroll of blinking
 p - a scroll of summoning {unknown}
 s - a scroll of acquirement {unknown}
 t - a scroll of fog {unknown}
 v - a scroll of brand weapon {unknown}
 x - a scroll of fear {unknown}
Potions
 k - 3 potions of brilliance
 q - a potion of might


   Skills:
 - Level 2.3 Dodging
 - Level 2.3 Stealth
 + Level 7.4 Spellcasting
 + Level 9.7 Necromancy


You had 15 spell levels left.
You knew the following spells:

 Your Spells              Type           Power      Damage    Failure   Level
a - Necrotise             Necr           100%       1d9       1%          1
b - Vampiric Draining     Necr           58%        2d10      1%          3
c - Sublimation of Blood  Necr           58%        N/A       1%          2

Your spell library contained the following spells:

 Spells                   Type           Power      Damage    Failure   Level
 Animate Dead             Necr           58%        N/A       1%          4
 Agony                    Necr           58%        N/A       5%          5
 Magic Dart               Conj           40%        1d5       11%         1
 Call Imp                 Summ           10%        N/A       16%         2
 Wereblood                Tmut           10%        N/A       16%         2
 Dazzling Flash           Conj/Hex       20%        N/A       30%         3
 Mephitic Cloud           Conj/Pois/Air  10%        N/A       30%         3
 Silence                  Hex/Air        5%         N/A       96%         5
 Summon Hydra             Summ           5%         N/A       100%        7


Dungeon Overview and Level Annotations

Branches:
Dungeon (8/15)
 Temple: D:4-7         Lair: D:8-11

Altars:
Dithmenos
Okawaru
Wu Jian

Shops:
D:1 !

Annotations:
D:7 2 transporters, sevenfields's ghost, novice DjFE


Innate Abilities, Weirdness & Mutations

You are a tree.
Your roots penetrate the ground, keeping you stationary.
You cannot be teleported.
You are immune to unholy pain and torment.
Your maximum health is greatly increased.
Your equipment is partially melded.
((You have sharp fingernails.))
A demonic guardian rushes to your aid.
((Your movements are less encumbered by armour. (ER -4)))


Message History

Really abort (and waste the scroll)?
Okay, then.
The grasping roots constrict the wight.
* * * LOW HITPOINT WARNING * * *
You feel sick.
The roots release their grip on the wight.
Your orange demon stings the wight!
Your orange demon hits the wight but does no damage.
The wight barely misses your orange demon.
* * * LOW HITPOINT WARNING * * *
You feel sick.
Your orange demon barely misses the wight. x2
The wight barely misses your orange demon.
Unknown command.
* * * LOW HITPOINT WARNING * * *
You feel sick.
Your orange demon stings the wight!
The wight is destroyed!
Your life force feels restored.
Unknown command.
Unknown command.
* * * LOW HITPOINT WARNING * * *
You feel sick.
Unknown command.
What are your orders? t - Creak!
Orders for allies: a - Attack new target. r - Retreat! s - Stop attacking. g - Guard the area. f - Follow me.
Anything else - Cancel.
Gang up on whom?
Press: ? - help, Dir - move target, f - wight
Aim: a wight, wielding a +0 trident and wearing a +0 robe (ally target) Attack!
* * * LOW HITPOINT WARNING * * *
You feel sick.
Your orange demon stings the wight.
Your orange demon hits the wight.
The wight looks weaker.
An orc wizard comes into view.
It is wielding a +0 dagger and wearing a +1 robe of cold resistance.
The wight closely misses your orange demon.
Okay, then.
You die...

#####
.... #.o
#######.#
....z4†♣#
#######.#
..# ####


You could see a wight (weak, ally target), an orc wizard and a friendly orange
demon (summoned).

Vanquished Creatures
  3 water moccasins
  An ice beast (D:5)
  A sky beast (D:6)
  A black bear (D:4)
  2 ogres
  Blork the orc (D:5)
  A killer bee (D:8)
  4 hounds
  2 jellies (D:5)
  3 orc priests (D:5)
  A sleepcap (D:6)
  Natasha (D:2)
  2 orc wizards
  3 iguanas
  5 gnolls
  4 adders
  A river rat (D:3)
  An ufetubus (D:5)
  3 dart slugs
  13 orcs
  6 bats
  6 endoplasms
  4 giant cockroaches
  4 goblins
  6 hobgoblins
  2 quokkas
  6 ball pythons
  4 frilled lizards
  5 kobolds
  3 rats (D:3)
99 creatures vanquished.

Vanquished Creatures (collateral kills)
  An ogre (D:4)
  A phantom (D:5)
  A wight (D:8)
  2 gnolls
  2 orcs (D:5)
  A giant cockroach (D:3)
8 creatures vanquished.

Grand Total: 107 creatures vanquished

Notes
Turn   | Place    | Note
-------+----------+-------------------------------------------
     0 | D:1      | 112233 the Demonspawn Necromancer began the quest for the
                  | Orb.
     0 | D:1      | Reached XP level 1. HP: 13/13 MP: 3/3
   194 | D:1      | Gained mutation: A weak demonic guardian rushes to your
                  | aid. [demonic ancestry]
   194 | D:1      | Reached XP level 2. HP: 19/19 MP: 1/5
   323 | D:1      | Found Esiaginoda's Distillery.
   777 | D:2      | Found an ornate altar of the Wu Jian Council.
   853 | D:2      | Gained mutation: Your movements are slightly less
                  | encumbered by armour. (ER -2) [demonic ancestry]
   853 | D:2      | Reached XP level 3. HP: 24/24 MP: 1/6
  1240 | D:2      | Noticed Natasha
  1244 | D:2      | Killed Natasha
  1245 | D:2      | Reached skill level 5 in Necromancy
  1603 | D:3      | Gained mutation: Your movements are less encumbered by
                  | armour. (ER -4) [demonic ancestry]
  1603 | D:3      | Reached XP level 4. HP: 30/30 MP: 5/8
  1814 | D:3      | Found a faded altar of an unknown god.
  2636 | D:4      | Noticed a black bear
  2643 | D:4      | Reached XP level 5. HP: 19/35 MP: 5/10
  2929 | D:3      | Learned a level 3 spell: Vampiric Draining
  3108 | D:4      | Killed a black bear
  3109 | D:4      | Reached skill level 6 in Necromancy
  3244 | D:4      | Reached XP level 6. HP: 41/41 MP: 8/12
  3843 | D:5      | Entered Level 5 of the Dungeon
  4215 | D:5      | Noticed Blork the orc
  4226 | D:5      | Killed Blork the orc
  4227 | D:5      | Reached skill level 5 in Spellcasting
  4227 | D:5      | Reached skill level 7 in Necromancy
  4227 | D:5      | Gained mutation: A demonic guardian rushes to your aid.
                  | [demonic ancestry]
  4227 | D:5      | Reached XP level 7. HP: 41/46 MP: 5/14
  4540 | D:5      | Reached skill level 8 in Necromancy
  4937 | D:5      | Gained mutation: You have sharp fingernails. [demonic
                  | ancestry]
  4937 | D:5      | Reached XP level 8. HP: 52/52 MP: 14/17
  5847 | D:6      | Learned a level 2 spell: Sublimation of Blood
  5886 | D:6      | Reached skill level 9 in Necromancy
  6256 | D:6      | Found a shadowy altar of Dithmenos.
  6258 | D:6      | Found an iron altar of Okawaru.
  6566 | D:7      | Found a transporter.
  6577 | D:7      | Noticed sevenfields's ghost (novice DjFE)
  6581 | D:7      | Found a transporter.
  6632 | D:8      | HP: 3/76 [poisoned by a killer bee]
  6635 | D:8      | HP: 1/78 [poisoned by a killer bee]
  6636 | D:8      | Succumbed to a killer bee's poison

Illustrated notes

Levels and vault maps discovered:
D:1:      tarquinn_simple_flora_water_e, layout_rooms, serial_shops,
          nicolae_lakefront_shop, glass_columns_a
D:2:      layout_loops_ring, serial_rivers, chequers_serial_rivers_micro_b,
          chequers_serial_rivers_room_b, chequers_serial_rivers_micro_d,
          chequers_serial_rivers_room_b, chequers_serial_rivers_micro_c,
          basic_altar, uniq_natasha
D:3:      layout_basic, ebering_ecumenical_altar_webs, portal_sewer_entry_e
D:4:      layout_basic, marbit_many_paths
D:5:      layout_basic, nicolae_nh_ransacked_shop, uniq_blork_the_orc
D:6:      layout_basic, nicolae_overflow_hidden_temple,
          minmay_temple_entry_from_below_b
D:7:      layout_basic, mainiacjoe_overflow_six_doors_small,
          cheibrodos_worm_habitat, nicolae_wu_jian_immortal_techniques,
          gammafunk_ghost_arena, uniq_menkaure, uniq_pikel
D:8:      layout_basic, mainiacjoe_overflow_catwalk, minmay_misc_feat_encased,
          small_statue_intersection

Skill      XL: |  1  2  3  4  5  6  7  8 |
---------------+-------------------------+-----
Dodging        | 2 |  2.3
Stealth        | 2 |  2.3
Necromancy     | 5 6 7 8 9 |  9.7
Spellcasting   | 3 4 5 6 7 |  7.4

Action                     |  1- 3 |  4- 6 |  7- 9 || total
---------------------------+-------+-------+-------++-------
  Melee: Unarmed           |    30 |     9 |       ||    39
         Dagger            |       |    16 |    54 ||    70
         Punch             |       |       |     1 ||     1
   Cast: Necrotise         |    60 |    92 |    51 ||   203
         Vampiric Draining |       |     5 |    32 ||    37
  Evoke: Wand              |       |       |     4 ||     4
    Use: Potion            |     3 |     2 |     7 ||    12
         Scroll            |     1 |       |     1 ||     2
 Armour: Robe              |    16 |    14 |    14 ||    44
  Dodge: Dodged            |    40 |    38 |    65 ||   143

Table legend: (Time is in decaauts)
 A = Elapsed time spent in this place.
 B = Non-inter-level travel time spent in this place.
 C = Inter-level travel time spent in this place.
 D = Time resting spent in this place.
 E = Time spent auto-exploring this place.
 F = Levels seen in this place.
 G = Mean time per level.
                   A        B        C        D        E       F      G
               +--------+--------+--------+--------+--------+-----+--------+
         Total |   6653 |   6223 |    430 |    638 |   4748 |   8 |  831.6 |
       Dungeon |   6653 |   6223 |    430 |    638 |   4748 |   8 |  831.6 |
               +--------+--------+--------+--------+--------+-----+--------+

Top non-repeatable levels by time:
     D:3: 1549 daAuts
     D:5: 1534 daAuts
     D:6: 957 daAuts
     D:4: 927 daAuts
     D:2: 903 daAuts
     D:1: 572 daAuts
     D:7: 198 daAuts
     D:8: 9 daAuts
